 Dungeon Crawl Stone Soup version 0.29.1-12-g30fa7ad0bf (webtiles) character file.

Game seed: 8968053854155319809

2614 LustLizard the Grappler (level 9, -14/88 HPs)
             Began as a Troll Fighter on Dec 15, 2022.
             Was a Believer of Wu Jian.
             Demolished by a two-headed ogre
             ... wielding a +0 giant spiked club
              (33 damage)
             ... on level 7 of the Dungeon.
             The game lasted 00:10:21 (4883 turns).

LustLizard the Grappler (Troll Fighter)             Turns: 4883, Time: 00:10:22

Health: -14/88     AC:  5    Str: 26    XL:     9   Next: 34%
Magic:  8/8        EV:  8    Int:  8    God:    Wu Jian [**....]
Gold:   365        SH:  8    Dex:  9    Spells: 6/8 levels left

rFire   . . .      SeeInvis .     - Unarmed
rCold   . . .      Faith    .   b - +0 kite shield
rNeg    . . .      Spirit   .   c - +0 robe {Will+}
rPois   .          Reflect  .   (helmet restricted)
rElec   .          Harm     .   p - +0 cloak
rCorr   .          Rampage  .   (gloves unavailable)
Will    +....                   (boots unavailable)
Stlth   +.........              (no amulet)
HPRegen 1.04/turn               (no ring)
MPRegen 0.11/turn               (no ring)

@: no status effects
A: large, unfitting armour, claws 3, regeneration 1, shaggy fur 1, tough skin 1
a: Renounce Religion, Wall Jump


You were on level 7 of the Dungeon.
You worshipped Wu Jian.
Wu Jian was pleased with you.
You visited 1 branch of the dungeon, and saw 7 of its levels.

You collected 365 gold pieces.

Inventory:

Missiles
 n - a throwing net (quivered)
Armour
 a - a +0 robe
 b - a +0 kite shield (worn)
 c - a +0 robe of willpower (worn)
 p - a +0 cloak (worn)
Wands
 t - a wand of polymorph (25)
 w - a wand of digging (4)
Scrolls
 d - a scroll of enchant weapon {unknown}
 e - 2 scrolls of blinking {unknown}
 f - 3 scrolls of vulnerability {unknown}
 g - 3 scrolls of teleportation {unknown}
 i - a scroll of poison {unknown}
 j - a scroll of noise {unknown}
 q - a scroll of torment {unknown}
 r - a scroll of fear {unknown}
Potions
 k - a potion of curing
 l - 2 potions of degeneration
 m - 2 potions of lignification
 o - 2 potions of brilliance
 s - 3 potions of mutation
 u - a potion of haste
 v - a potion of magic
 x - a potion of invisibility
 z - a potion of attraction


   Skills:
 + Level 5.5 Fighting
 - Level 2.4 Dodging
 + Level 6.1 Shields
 * Level 8.8 Unarmed Combat
 - Level 3.0 Transmutations


You had 6 spell levels left.
You knew the following spells:

 Your Spells              Type           Power      Damage    Failure   Level
a - Wereblood             Tmut           4%         N/A       38%         2

Your spell library contained the following spells:

 Spells                   Type           Power      Damage    Failure   Level
 Beastly Appendage        Tmut           8%         N/A       26%         1
 Sting                    Tmut/Pois      8%         1d3       45%         1
 Poisonous Vapours        Pois/Air       0%         N/A       80%         2
 Sublimation of Blood     Necr           0%         N/A       80%         2
 Spider Form              Tmut/Pois      2%         N/A       83%         3
 Stone Arrow              Conj/Erth      0%         3d7       95%         3
 Summon Guardian Golem    Hex/Summ       0%         N/A       95%         3
 Petrify                  Tmut/Erth      2%         N/A       99%         4
 Anguish                  Hex/Necr       0%         N/A       100%        4
 Animate Armour           Summ/Erth      0%         N/A       100%        4
 Corpse Rot               Necr/Pois/Air  0%         N/A       100%        4
 Olgreb's Toxic Radiance  Pois           0%         N/A       100%        4
 Irradiate                Conj/Tmut      1%         3d12      100%        5
 Orb of Destruction       Conj           0%         9d5       100%        7
 Spellforged Servitor     Conj/Summ      0%         N/A       100%        7
 Storm Form               Tmut/Air       1%         N/A       100%        7
 Lehudib's Crystal Spear  Conj/Erth      0%         10d2      100%        8
 Necromutation            Tmut/Necr      1%         N/A       100%        8


Dungeon Overview and Level Annotations

Branches:
Dungeon (7/15)             Temple (0/1) D:4

Altars:
Cheibriados
Uskayaw
Wu Jian
Yredelemnul
Zin
The Shining One

Annotations:
D:7 3 runed translucent doors


Innate Abilities, Weirdness & Mutations

You are too large for most types of armour.
You have claws for hands.
Your natural rate of healing is unusually fast.
You are covered in fur. (AC +1)
You have tough skin. (AC +1)


Message History

The Council accepts your kill.
A two-headed ogre comes into view.
It is wielding a +0 giant spiked club and a +0 giant club.
The two-headed ogre shouts in stereo!
You claw the hobgoblin zombie!
The hobgoblin zombie is almost destroyed.
A bullfrog comes into view.
The hobgoblin zombie completely misses you.
You claw the hobgoblin zombie!
You destroy the hobgoblin zombie!
The Council accepts your kill.
You claw the kobold skeleton!
You destroy the kobold skeleton!
The Council accepts your kill.
A two-headed ogre opens the door.
The bullfrog hits you but does no damage.
You scratch the bullfrog but do no damage.
You block the bullfrog's attack.
You lunge at the two-headed ogre.
You mangle the two-headed ogre!!
The two-headed ogre is heavily wounded.
You spin and attack the bullfrog.
You barely miss the bullfrog. The bullfrog hits you!
The two-headed ogre hits you with a +0 giant spiked club!!
The two-headed ogre hits you with a +0 giant club!
The bullfrog hits you.
You scratch the two-headed ogre.
The two-headed ogre is heavily wounded.
The bullfrog hits you.
You mangle the two-headed ogre!!
The two-headed ogre is almost dead.
The bullfrog hits you.
The two-headed ogre hits you with a +0 giant spiked club!
* * * LOW HITPOINT WARNING * * *
The two-headed ogre barely misses you.
You closely miss the two-headed ogre.
The two-headed ogre is almost dead.
The bullfrog hits you!
* * * LOW HITPOINT WARNING * * *
The bullfrog hits you but does no damage.
The two-headed ogre hits you with a +0 giant spiked club!!
You die...

...................#
...........##.####.###
..........########...#
.....................#
.....................#
#.........###.###...##
#........###.+.##...#
.....##..##......#..#
...#.. ..##....F@...#
...... ...+.._..O....#
#.....##...# #.....#
...# ..#..... ...#
.##...##. ...# ..... .
..# ..... .. .#


You could see a two-headed ogre and a bullfrog.

Vanquished Creatures
  Sigmund (D:2)
  A water moccasin (D:6)
  An ice beast (D:6)
  3 orc warriors
  A sky beast (D:6)
  A black bear (D:6)
  4 ogres
  2 phantoms (D:6)
  A kobold brigand (D:7)
  Blork the orc (D:6)
  2 gnoll sergeants (D:6)
  2 scorpions
  A necrophage (D:5)
  2 wights (D:6)
  2 howler monkeys (D:6)
  A quasit (D:7)
  2 orc priests
  3 jellies
  4 hounds
  A gnoll bouda (D:6)
  2 iguanas
  4 orc wizards
  5 adders
  4 gnolls (D:6)
  5 worms
  5 dart slugs
  20 orcs
  5 bats
  4 giant cockroaches
  7 goblins
  7 hobgoblins
  2 jackals (D:1)
  6 quokkas
  5 ball pythons
  3 frilled lizards
  A goblin zombie (D:7)
  2 hobgoblin zombies (D:7)
  17 kobolds
  A kobold skeleton (D:7)
  2 kobold zombies (D:7)
  4 rats
147 creatures vanquished.

Notes
Turn   | Place    | Note
-------+----------+-------------------------------------------
     0 | D:1      | LustLizard the Troll Fighter began the quest for the Orb.
     0 | D:1      | Reached XP level 1. HP: 22/22 MP: 0/0
   232 | D:1      | Reached XP level 2. HP: 29/29 MP: 1/1
   835 | D:2      | Reached XP level 3. HP: 33/36 MP: 2/2
   842 | D:2      | Reached skill level 3 in Unarmed Combat
   857 | D:2      | Found a faded altar of an unknown god.
   932 | D:2      | Learned a level 2 spell: Wereblood
   943 | D:2      | Noticed Sigmund
   973 | D:2      | Killed Sigmund
   974 | D:2      | Reached skill level 4 in Unarmed Combat
   974 | D:2      | Reached skill level 1 in Transmutations
   974 | D:2      | Reached XP level 4. HP: 9/45 MP: 3/3
   974 | D:2      | Reached XP level 5. HP: 11/53 MP: 4/4
  1582 | D:3      | Found an ornate altar of the Wu Jian Council.
  1613 | D:3      | Became a worshipper of the Wu Jian Council
  2163 | D:4      | Reached XP level 6. HP: 61/61 MP: 5/5
  2171 | D:4      | Found a hide-covered altar of Uskayaw.
  2172 | D:4      | Noticed a +0 hand axe
  2172 | D:4      | Noticed a +0 dagger
  2230 | D:4      | Found a staircase to the Ecumenical Temple.
  2487 | D:4      | Reached * piety under Wu Jian
  2538 | D:4      | Reached skill level 5 in Unarmed Combat
  2784 | D:5      | Entered Level 5 of the Dungeon
  2801 | D:5      | Reached XP level 7. HP: 65/68 MP: 6/6
  3097 | D:5      | Reached skill level 6 in Unarmed Combat
  3382 | D:5      | Found a basalt altar of Yredelemnul.
  3546 | D:6      | Reached XP level 8. HP: 72/78 MP: 7/7
  3637 | D:6      | Reached ** piety under Wu Jian
  3638 | D:6      | HP: 3/79 [poisoned by a water moccasin]
  3766 | D:6      | Reached skill level 5 in Shields
  3766 | D:6      | Reached skill level 7 in Unarmed Combat
  3949 | D:6      | Reached skill level 5 in Fighting
  4011 | D:6      | Reached skill level 8 in Unarmed Combat
  4011 | D:6      | Reached XP level 9. HP: 80/88 MP: 8/8
  4070 | D:6      | Got the Incunabulum of the Final Tables
  4227 | D:6      | Noticed Blork the orc
  4256 | D:6      | Killed Blork the orc
  4710 | D:7      | Found a snail-covered altar of Cheibriados.
  4719 | D:7      | Found a glowing silver altar of Zin.
  4803 | D:7      | Found a runed translucent gate.
  4804 | D:7      | Found a runed translucent gate.
  4806 | D:7      | Found a runed translucent gate.
  4870 | D:7      | Found a glowing golden altar of the Shining One.
  4873 | D:7      | Noticed a two-headed ogre
  4883 | D:7      | Demolished by a two-headed ogre

Illustrated notes

Levels and vault maps discovered:
D:1:      dpeg_arrival_boxorama, layout_loops_cross
D:2:      wad_crossroads, layout_basic, nicolae_ecumenical_oubliette,
          uniq_sigmund
D:3:      layout_basic, nicolae_wu_jian_glorious_leap,
          kennysheep_generic_room_16
D:4:      layout_loops_ring, dancing_weapons_uskayaw,
          minmay_temple_entry_proselytizer, chequers_serial_rivers_marsh
D:5:      layout_basic, kennysheep_mini
D:6:      layout_rooms, sword_in_stone
D:7:      layout_cave_pools, slow_altar_1, nicolae_tso_besieged_by_evil,
          mainiacjoe_overflow_boulevard, gammafunk_ghost_icy

Skill      XL: |  1  2  3  4  5  6  7  8  9 |
---------------+----------------------------+-----
Shields        | 3 4 5 6 |  6.1
Unarmed Combat | 4 5 6 8 |  8.8
Fighting       | 3 4 5 |  5.5
Transmutations | 1 2 3 |  3.0
Dodging        | |  2.4

Action                   |  1- 3 |  4- 6 |  7- 9 || total
-------------------------+-------+-------+-------++-------
Melee: Unarmed           |    91 |   120 |   294 ||   505
Invok: Lunge             |       |    12 |    20 ||    32
       Whirlwind         |       |       |    12 ||    12
  Use: Potion            |     1 |       |     2 ||     3
       Scroll            |       |     3 |     6 ||     9
 Stab: Sleeping          |       |     2 |       ||     2
Armor: Robe              |    36 |    23 |    72 ||   131
Dodge: Dodged            |    30 |    37 |    89 ||   156
Block: Kite shield       |    33 |    32 |    78 ||   143
